 Dungeon Crawl Stone Soup version 0.22-a0-110-g5b255cf (console) character file.

110 Evablue the Shield-Bearer (level 5, -1/42 HPs)
             Began as a Formicid Fighter on Jan 28, 2018.
             Was an Initiate of Cheibriados.
             Killed by divine providence
             ... invoked by an orc priest
              (13 damage)
             ... on level 3 of the Dungeon.
             The game lasted 00:02:42 (1827 turns).

Evablue the Shield-Bearer (Formicid Fighter)        Turns: 1827, Time: 00:02:42

Health: -1/42      AC:  9    Str: 22    XL:     5   Next: 14%
Magic:  5/5        EV:  8    Int:  9    God:    Cheibriados [......]
Gold:   120        SH:  9    Dex: 11    Spells: 4/4 levels left

rFire    . . .     SeeInvis +   a - +0 war axe
rCold    . . .     Gourm    .   c - +0 shield
rNeg     . . .     Faith    .   b - +0 scale mail
rPois    .         Spirit   .   (helmet unavailable)
rElec    .         Reflect  .   (no cloak)
rCorr    .         Harm     .   (no gloves)
MR       .....                  q - +1 pair of boots
Stlth    ..........             (no amulet)
HPRegen  0.14/turn              (no ring)
MPRegen  0.09/turn              (no ring)

@: very slow
A: permanent stasis, dig shafts and tunnels, four strong arms, antennae 3
a: Dig, Shaft Self, Bend Time, Renounce Religion


You were on level 3 of the Dungeon.
You worshipped Cheibriados.
Cheibriados was noncommittal.
You were hungry.

You visited 1 branch of the dungeon, and saw 3 of its levels.

You collected 120 gold pieces.

Inventory:

Hand Weapons
 a - a +0 war axe (weapon)
Armour
 b - a +0 scale mail (worn)
 c - a +0 shield (worn)
 q - a +1 pair of boots (worn)
Jewellery
 l - an uncursed ring of fire
 o - an uncursed ring of poison resistance {unknown}
Scrolls
 g - a scroll of amnesia {unknown}
 h - 4 scrolls of identify {unknown}
 k - 2 scrolls of teleportation {unknown}
 m - a scroll of magic mapping {unknown}
Potions
 d - a potion of might
 e - 2 potions of curing {unknown}
 i - a potion of haste {unknown}
 j - a potion of magic {unknown}
 n - a potion of lignification {unknown}
 p - 2 potions of agility {unknown}
Comestibles
 f - 2 rations


   Skills:
 + Level 3.7 Fighting
 + Level 3.1 Axes
 + Level 4.1 Armour
 + Level 0.6 Dodging
 + Level 4.2 Shields
 * Level 1.2 Invocations


You had 4 spell levels left.
You didn't know any spells.

Dungeon Overview and Level Annotations

Branches:
Dungeon (3/15)

Altars:
Cheibriados
Fedhas
Kikubaaqudgha


Innate Abilities, Weirdness & Mutations

You cannot be hasted, slowed, berserked, paralysed or teleported.
You can dig through walls and to a lower floor.
Your four strong arms can wield two-handed weapons with a shield.
You have a pair of large antennae on your head. (SInv)


Message History

You hit the orc.
You kill the orc!
Cheibriados appreciates the change of pace.
The orc priest mumbles some strange prayers to Beogh against you.
Beogh smites you!
You are too injured to fight recklessly!
You are too injured to fight recklessly!
You are too injured to fight recklessly!
You are too injured to fight recklessly!
You are too injured to fight recklessly!
You closely miss the orc priest. The orc priest hits you with a club.
You slash the orc priest!
The orc priest is severely wounded.
The orc priest hits you with a club.
* * * LOW HITPOINT WARNING * * *
You closely miss the orc priest.
The orc priest is severely wounded.
The orc priest mumbles some strange prayers to Beogh against you.
Beogh smites you!
You die...

#.# #)#
.######.###.#
............#
######.#####
#.#
####.######
#..(...>..#
#(##.####.# #
#@# #o# .o.
#...# .....
....?..
###...# #....


You could see an orc priest and an orc.

Vanquished Creatures
  A centaur skeleton (D:3)
  A worker ant (D:2)
  An adder (D:2)
  An ooze (D:1)
  A worm (D:2)
  A dart slug (D:1)
  2 leopard geckos
  3 orcs (D:3)
  3 giant cockroaches
  4 goblins
  A hobgoblin (D:1)
  4 jackals (D:3)
  5 kobolds
  3 bats (D:1)
  4 frilled lizards
  A rat (D:1)
36 creatures vanquished.

Notes
Turn   | Place    | Note
-------+----------+-------------------------------------------
     0 | D:1      | Evablue the Formicid Fighter began the quest for the Orb.
     0 | D:1      | Reached XP level 1. HP: 18/18 MP: 1/1
   163 | D:1      | Reached XP level 2. HP: 23/24 MP: 2/2
   343 | D:1      | Reached XP level 3. HP: 29/29 MP: 3/3
   633 | D:2      | Found a snail-covered altar of Cheibriados.
  1123 | D:2      | Became a worshipper of Cheibriados the Contemplative
  1428 | D:2      | Reached XP level 4. HP: 30/37 MP: 4/4
  1683 | D:3      | Found an ancient bone altar of Kikubaaqudgha.
  1685 | D:3      | Found a blossoming altar of Fedhas.
  1807 | D:3      | Reached skill level 1 in Invocations
  1807 | D:3      | Reached XP level 5. HP: 35/42 MP: 5/5
  1827 | D:3      | Killed from afar by an orc priest

Vault maps used:
D:1:      kennysheep_arrival_seaside
D:2:      minmay_strange_pillars, hangedman_decor_opposing,
          hangedman_decor_clover_reticule, glass_columns_b, cheibriados_altar_1
D:3:      grunt_temple_overflow_growth_and_decay, first_ration

Skill      XL: |  1  2  3  4 |
---------------+-------------+-----
Shields        | 4 |  4.2
Armour         | 4 |  4.1
Axes           | 3 |  3.1
Invocations    | 1 |  1.2
Fighting       | |  3.7
Dodging        | |  0.6

Action                   |  1- 3 |  4- 6 || total
-------------------------+-------+-------++-------
Melee: War axe           |    91 |    27 ||   118
  Eat: Chunk             |     1 |     2 ||     3
Armor: Scale mail        |    48 |    10 ||    58
Dodge: Dodged            |    27 |    14 ||    41
Block: Shield            |    54 |    14 ||    68

Table legend:
 A = Spawn XP
 B = Non-spawn XP
 C = Spawn XP percentage of total XP
 D = Spawn monster count
 E = Non-spawn monster count
 F = Spawn count percentage of total count
 G = Total turns spent on level
                    A         B        C        D         E        F      G
               +---------+---------+-------+---------+---------+-------+---------
         Total |       0 |     158 |   0.0 |       0 |      36 |   0.0 |  1827
               +---------+---------+-------+---------+---------+-------+---------
           D:1 |       0 |      31 |   0.0 |       0 |      14 |   0.0 |   522
           D:2 |       0 |      66 |   0.0 |       0 |      12 |   0.0 |  1023
           D:3 |       0 |      61 |   0.0 |       0 |      10 |   0.0 |   282
               +---------+---------+-------+---------+---------+-------+---------
